 Dungeon Crawl Stone Soup version 0.31-a0-640-g39d97e502b (webtiles) character file.

Game seed: 13289898286462122163

462 IndexError the Ruffian (level 6, -5/53 HPs)
             Began as a Troll Hedge Wizard on Aug 28, 2023.
             Was a Priest of Fedhas.
             Slain by an ogre
             ... wielding a +0 giant spiked club
              (21 damage)
             ... on level 5 of the Dungeon.
             The game lasted 00:06:02 (3658 turns).

IndexError the Ruffian (Troll Hedge Wizard)         Turns: 3658, Time: 00:06:02

Health: -5/53      AC:  5    Str: 19    XL:     6   Next: 79%
Magic:  8/8        EV:  9    Int: 12    God:    Fedhas [***...]
Gold:   275        SH:  0    Dex:  9    Spells: 8/9 levels left

rFire   . .          .
                       - Unarmed
rCold   . . .        (no shield)
rNeg    . . .        b - +0 robe
rPois   .            c - +0 hat
rElec   .            q - +0 cloak
rCorr   .            (gloves unavailable)
SInv    .            (boots unavailable)
Will    .....        (no amulet)
Stlth   +            (no ring)
HPRegen 1.08/turn    (no ring)
MPRegen 0.11/turn

%: no passive effects
@: no status effects
A: large, unfitting armour, claws 3, regeneration 1, shaggy fur 1, tough skin 1
a: Renounce Religion, Wall of Briars, Grow Ballistomycete


You were on level 5 of the Dungeon.
You worshipped Fedhas.
Fedhas was most pleased with you.
You visited 1 branch of the dungeon, and saw 5 of its levels.

You collected 275 gold pieces.

Inventory:

Hand Weapons
 a - a +0 sling
   (You took it off a goblin on level 3 of the Dungeon)
Missiles
 v - 4 atropa-tipped darts
 w - 7 poisoned darts
 x - 4 large rocks {!d}
 y - 50 stones
Armour
 b - a +0 robe (worn)
 c - a +0 hat (worn)
 q - a +0 cloak (worn)
   (You found it on level 2 of the Dungeon)
Scrolls
 e - a scroll of torment {unknown}
 f - 2 scrolls of teleportation {unknown}
 h - a scroll of enchant armour {unknown}
 k - 3 scrolls of identify {unknown}
 l - a scroll of brand weapon {unknown}
 r - a scroll of fear {unknown}
 s - a scroll of fog {unknown}
Potions
 d - a potion of magic
 g - a potion of curing {unknown}
 i - 4 potions of brilliance {unknown}
 p - a potion of degeneration {unknown}
 t - 2 potions of might {unknown}


   Skills:
 - Level 1.5 Dodging
 - Level 1.0 Stealth
 + Level 7.0 Unarmed Combat
 - Level 2.0 Spellcasting
 - Level 0.6 Conjurations
 - Level 0.6 Summonings
 - Level 0.6 Translocations


You had 8 spell levels left.
You knew the following spells:

 Your Spells              Type           Power      Damage    Failure   Level
a - Magic Dart            Conj           8%         1d3       22%         1

Your spell library contained the following spells:

 Spells                   Type           Power      Damage    Failure   Level
 Slow                     Hex            4%         N/A       26%         1
 Blink                    Tloc           4%         N/A       32%         2
 Call Imp                 Summ           4%         N/A       32%         2
 Cigotuvi's Dreadful Rot  Necr/Pois/Air  2%         N/A       38%         2
 Call Canine Familiar     Summ           2%         N/A       54%         3
 Mephitic Cloud           Conj/Pois/Air  1%         N/A       58%         3
 Portal Projectile        Hex/Tloc       2%         N/A       58%         3
 Leda's Liquefaction      Hex/Erth       0%         N/A       95%         4


Dungeon Overview and Level Annotations

Branches:
Dungeon (5/15)
 Temple: D:4-7

Altars:
Fedhas
Hepliaklqana

Shops:
D:3 *


Innate Abilities, Weirdness & Mutations

You are too large for most types of armour.
You have claws for hands.
Your natural rate of healing is unusually fast.
You are covered in fur. (AC +1)
You have tough skin. (AC +1)


Message History

Done exploring.
Done exploring.
Done exploring.
There is an escape hatch in the floor here.
You see here a +0 club.
There is a stone staircase leading down here.
You climb downwards.
There is a stone staircase leading up here.
You climb upwards.
There is a stone staircase leading down here.
There is a stone staircase leading down here.
You climb downwards.
There is a stone staircase leading up here.
You climb upwards.
There is a stone staircase leading down here.
There is a stone staircase leading down here.
You climb downwards.
There is a stone staircase leading up here.
You climb upwards.
There is a stone staircase leading down here.
You climb downwards.
There is a stone staircase leading up here.
You open the door. 4 orcs come into view.
You shoot a sling bullet. The sling bullet hits the orc.
The orc shouts! x3
You are now empty-clawed.
You scratch the orc. You scratch the orc. The orc closely misses you.
The orc misses you.
You mangle the orc!!
Fedhas appreciates your contribution to the ecosystem.
You claw the orc!
Fedhas appreciates your contribution to the ecosystem.
The orc hits you with a +0 flail.
Your Unarmed Combat skill increases to level 7!
You take 1 damage, and have 52/53 hp.
You scratch the orc but do no damage. The orc barely misses you.
The orc hits you but does no damage.
Health restored: 53 You barely miss the orc.
You scratch the orc. The orc hits you with a +0 hand axe.
The orc closely misses you.
You take 1 damage, and have 52/53 hp.
You barely miss the orc. You claw the orc.
Fedhas appreciates your contribution to the ecosystem.
The orc hits you with a +0 flail.
You take 1 damage, and have 51/53 hp.
You claw the orc!
Fedhas appreciates your contribution to the ecosystem.
No target in view!
No target in view!
a - a +0 sling (weapon)
HP restored.
You open the door. You open the door.
There is an open door here.
i - 4 clear potions (gained 2)
There is an open door here.
f - 2 scrolls labelled ADUG KONWE (gained 1)
You open the door.
There is an open door here.
An adder comes into view.
Found a stone staircase leading down.
Health restored: 53 You are now empty-clawed.
You completely miss the adder. The adder bites you but does no damage.
You closely miss the adder. The adder bites you but does no damage.
You claw the adder!
Fedhas appreciates your contribution to the ecosystem.
No target in view!
a - a +0 sling (weapon)
There is an open door here.
An ogre comes into view. It is wielding a +0 giant spiked club.
You see here a yellow potion.
You shoot a sling bullet. The ogre shouts!
The sling bullet hits the ogre.
You shoot a sling bullet.
The sling bullet barely misses the ogre.
You shoot a sling bullet.
The sling bullet barely misses the ogre.
You shoot a sling bullet.
The sling bullet hits the ogre but does no damage.
You are now empty-clawed.
You closely miss the ogre.
The ogre hits you with a +0 giant spiked club!!
Ouch! That really hurt!
You take 29 damage, and have 24/53 hp.
MASSIVE DAMAGE!!
You are too injured to fight recklessly!
You are too injured to fight recklessly!
You are too injured to fight recklessly!
You mangle the ogre!! You scratch the ogre.
The ogre hits you with a +0 giant spiked club!
* * * LOW HITPOINT WARNING * * *
You take 10 damage, and have 15/53 hp.
You scratch the ogre.
The ogre hits you with a +0 giant spiked club!!
You die...
Fedhas appreciates your contribution to the ecosystem.

'...# #...# #...#
.......'...#
.......#...#
.......#...##
#.....#O...#
#.....#@...#
#.....#....#...
...#.....#....'... ..
...#.....'....#...
..#####..#.....####+#...
......#..##........... .
......#...#...........
......#...#...>.......
......#...#...........


You could see an ogre.

Vanquished Creatures
  3 scorpions
  A jelly (D:4)
  2 orc priests (D:4)
  3 gnolls (D:3)
  6 adders
  A white imp (D:4)
  An ufetubus (D:4)
  A worm (D:2)
  2 dart slugs
  7 orcs
  7 endoplasms
  2 giant cockroaches
  16 goblins
  12 hobgoblins
  2 jackals (D:1)
  3 quokkas
  11 ball pythons
  6 bats
  2 frilled lizards
  3 kobolds
  5 rats
96 creatures vanquished.

Notes
Turn   | Place    | Note
-------+----------+-------------------------------------------
     0 | D:1      | IndexError the Troll Hedge Wizard began the quest for the
                  | Orb.
     0 | D:1      | Reached XP level 1. HP: 16/16 MP: 2/2
   122 | D:1      | Reached skill level 1 in Unarmed Combat
   339 | D:1      | Found a faded altar of an unknown god.
   362 | D:1      | Prayed at the altar of an unknown god.
   362 | D:1      | Became a worshipper of Fedhas Madash
   362 | D:1      | Reached * piety under Fedhas
   401 | D:1      | Reached XP level 2. HP: 24/24 MP: 4/4
   441 | D:1      | Reached skill level 2 in Unarmed Combat
  1137 | D:2      | Reached XP level 3. HP: 28/31 MP: 5/5
  1287 | D:2      | Reached ** piety under Fedhas
  1553 | D:3      | Reached skill level 3 in Unarmed Combat
  1793 | D:3      | Found Tahigoes's Assorted Antiques.
  1809 | D:3      | Reached XP level 4. HP: 39/39 MP: 6/6
  1995 | D:3      | Reached skill level 4 in Unarmed Combat
  2233 | D:3      | Reached XP level 5. HP: 45/45 MP: 7/7
  2512 | D:3      | Reached skill level 5 in Unarmed Combat
  2521 | D:3      | HP: 11/45 [poisoned by a goblin]
  2526 | D:3      | HP: 8/45 [poisoned by a goblin]
  2644 | D:4      | Reached *** piety under Fedhas
  2714 | D:4      | Reached skill level 6 in Unarmed Combat
  2714 | D:4      | Reached XP level 6. HP: 53/53 MP: 8/8
  3147 | D:4      | HP: 10/53 [orc priest/divine providence (11)]
  3147 | D:4      | HP: 4/53 [orc/+0 flail (6)]
  3148 | D:4      | HP: 1/53 [orc priest/+0 club (4)]
  3238 | D:4      | Found a faded altar of an unknown god.
  3251 | D:4      | Found a hazy altar of Hepliaklqana.
  3254 | D:4      | Found a faded altar of an unknown god.
  3559 | D:5      | Entered Level 5 of the Dungeon
  3593 | D:5      | Reached skill level 7 in Unarmed Combat
  3658 | D:5      | Slain by an ogre

Illustrated notes

Levels and vault maps discovered:
D:1:      ebering_trefoil_3fold, layout_basic, shapermc_ecumenical_altar_gd
D:2:      layout_basic, minmay_misc_feat_secret_circle, minivault_25
D:3:      layout_loops_ring, serial_shops, shop, minmay_goblin_outpost
D:4:      layout_layer_cave, nicolae_hepliaklqana_ecumenical_no_more,
          serial_bayou_ford_a
D:5:      layout_gridville, minitemple, serial_bayou_pond_d

Skill      XL: |  1  2  3  4  5  6 |
---------------+-------------------+-----
Unarmed Combat | 1 2 3 4 6 7 |  7.0
Dodging        | |  1.5
Stealth        | |  1.0
Spellcasting   | |  2.0
Conjurations   | |  0.6
Summonings     | |  0.6
Translocations | |  0.6

Action                     |  1- 3 |  4- 6 || total
---------------------------+-------+-------++-------
  Melee: Unarmed           |   131 |    90 ||   221
         Punch             |     2 |     5 ||     7
   Fire: Sling             |       |    58 ||    58
   Cast: Magic Dart        |     2 |       ||     2
   Stab: Sleeping          |     4 |       ||     4
 Armour: Robe              |    49 |    30 ||    79
  Dodge: Dodged            |    67 |    39 ||   106

Table legend: (Time is in decaauts)
 A = Elapsed time spent in this place.
 B = Non-inter-level travel time spent in this place.
 C = Inter-level travel time spent in this place.
 D = Time resting spent in this place.
 E = Time spent auto-exploring this place.
 F = Levels seen in this place.
 G = Mean time per level.
                   A        B        C        D        E       F      G
               +--------+--------+--------+--------+--------+-----+--------+
         Total |   3654 |   3201 |    453 |      0 |   2574 |   5 |  730.8 |
       Dungeon |   3654 |   3201 |    453 |      0 |   2574 |   5 |  730.8 |
               +--------+--------+--------+--------+--------+-----+--------+

Top non-repeatable levels by time:
     D:3: 1022 daAuts
     D:4: 965 daAuts
     D:1: 851 daAuts
     D:2: 737 daAuts
     D:5: 78 daAuts

Levels and vault maps discovered:
D:1:      ebering_trefoil_3fold, layout_basic, shapermc_ecumenical_altar_gd
D:2:      layout_basic, minmay_misc_feat_secret_circle, minivault_25
D:3:      layout_loops_ring, serial_shops, shop, minmay_goblin_outpost
D:4:      layout_layer_cave, nicolae_hepliaklqana_ecumenical_no_more,
          serial_bayou_ford_a
D:5:      layout_gridville, minitemple, serial_bayou_pond_d

Table legend: (Time is in decaauts)
 A = Elapsed time spent in this place.
 B = Non-inter-level travel time spent in this place.
 C = Inter-level travel time spent in this place.
 D = Time resting spent in this place.
 E = Time spent auto-exploring this place.
 F = Levels seen in this place.
 G = Mean time per level.
                   A        B        C        D        E       F      G
               +--------+--------+--------+--------+--------+-----+--------+
         Total |   3654 |   3201 |    453 |      0 |   2574 |   5 |  730.8 |
       Dungeon |   3654 |   3201 |    453 |      0 |   2574 |   5 |  730.8 |
               +--------+--------+--------+--------+--------+-----+--------+

Top non-repeatable levels by time:
     D:3: 1022 daAuts
     D:4: 965 daAuts
     D:1: 851 daAuts
     D:2: 737 daAuts
     D:5: 78 daAuts

Table legend:
 A = Kills in this place as a percentage of kills in the entire game.
 B = Kills by you in this place as a percentage of kills by you in the entire game.
 C = Kills by friends in this place as a percentage of kills by friends in the entire game.
 D = Other kills in this place as a percentage of other kills in the entire game.
 E = Experience gained in this place as a percentage of experience gained in the entire game.
 F = Experience gained in this place divided by the number of levels of this place that you have seen.
                   A       B       C       D       E      F
               +-------+-------+-------+-------+-------+----------------------
         Total | 100.0 | 100.0 |   N/A |   N/A | 100.0 | 132.2
       Dungeon | 100.0 | 100.0 |   N/A |   N/A | 100.0 | 132.2
               +-------+-------+-------+-------+-------+----------------------
